 Dungeon Crawl Stone Soup version 0.29.1-1-gd02db6906a (webtiles) character file.

Game seed: 8682421225670649652

23656 croobank the Spry (level 12, 0/61 (63) HPs)
             Began as a Felid Summoner on Oct 5, 2022.
             Was an Initiate of Gozag.
             Slain by an entropy weaver (17 damage)
             ... on level 1 of the Spider Nest on Oct 6, 2022.
             The game lasted 03:46:41 (36804 turns).

croobank the Spry (Felid Summoner)                 Turns: 36804, Time: 03:46:41

HP:   0/61 (63)     AC: -5    Str:  4    XL:     12   Next: 73%
MP:   11/27         EV: 28    Int: 21    God:    Gozag
Gold: 868           SH:  0    Dex: 17    Spells: 0/31 levels left
                                        Lives: 0   Deaths: 3

rFire   . . .      SeeInvis +     - Unarmed
rCold   + . .      Faith    .   (shield unavailable)
rNeg    . . .      Spirit   .   (body armour unavailable)
rPois   .          Reflect  .   (helmet unavailable)
rElec   .          Harm     .   (cloak unavailable)
rCorr   +          Rampage  .   (gloves unavailable)
Will    .....                   (boots unavailable)
Stlth   +++++.....              (no amulet)
HPRegen 0.20/turn               C - ring of resist corrosion
MPRegen 0.20/turn               g - ring of wizardry

@: weak-willed, corroded, gold aura, lightly drained, invisible, quick
A: very small, claws 1, fangs 3, see invisible, speed 1, shaggy fur 3, stealthy
paws, no weapons or thrown items, no armour, multi-lived
a: Renounce Religion, Potion Petition, Call Merchant, Bribe Branch


You were on level 1 of the Spider Nest.
You worshipped Gozag.
Gozag was pleased with you.
You visited 5 branches of the dungeon, and saw 20 of its levels.
You also visited: Sewer and Ossuary.

You collected 6184 gold pieces.
You spent 1546 gold pieces at shops.
You paid 3770 gold pieces to Gozag.

Inventory:

Jewellery
 g - a ring of wizardry (right paw)
 k - a ring of willpower
 r - a ring of protection from fire
 s - a ring of fire
 t - a +4 ring of protection
 y - a +4 ring of evasion
 C - a ring of resist corrosion (left paw)
Wands
 n - a wand of roots (16)
 o - a wand of polymorph (5)
 u - a wand of charming (14)
 x - a wand of flame (4)
 G - a wand of digging (5)
Scrolls
 b - 9 scrolls of identify
 h - 2 scrolls of fear
 m - 3 scrolls of vulnerability
 p - 2 scrolls of amnesia
 v - a scroll of torment
 z - 8 scrolls of butterflies
Potions
 a - a potion of magic
 c - 3 potions of invisibility
 d - 10 potions of might
 e - 2 potions of mutation
 f - 7 potions of haste
 i - 3 potions of attraction
 j - a potion of curing
 l - 4 potions of brilliance
 q - 3 potions of resistance
 w - a potion of flight
 A - a potion of cancellation
 B - a potion of ambrosia
 D - 2 potions of heal wounds
 E - 2 potions of lignification


   Skills:
 + Level 13.3 Fighting
 + Level 15.0 Dodging
 - Level 10.0 Stealth
 + Level 2.2 Unarmed Combat
 - Level 10.0 Spellcasting
 - Level 5.0 Hexes
 - Level 10.0 Summonings
 * Level 7.3 Transmutations
 + Level 8.3 Air Magic


You couldn't memorise any spells.
You knew the following spells:

 Your Spells              Type           Power      Damage    Failure   Level
a - Summon Small Mammal   Summ           100%       N/A       1%          1
b - Call Imp              Summ           51%        N/A       1%          2
c - Call Canine Familiar  Summ           51%        N/A       1%          3
d - Summon Guardian Gole  Hex/Summ       42%        N/A       1%          3
e - Summon Lightning Spi  Summ/Air       48%        N/A       1%          4
f - Poisonous Vapours     Pois/Air       54%        N/A       1%          2
g - Tukima's Dance        Hex            31%        N/A       1%          3
h - Mephitic Cloud        Conj/Pois/Air  22%        N/A       2%          3
i - Storm Form            Tmut/Air       21%        N/A       63%         7
j - Yara's Violent Unrav  Hex/Tmut       18%        3d9       6%          5

Your spell library contained the following spells:

 Spells                   Type           Power      Damage    Failure   Level
 Confusing Touch          Hex            31%        N/A       1%          3
 Blade Hands              Tmut           20%        N/A       3%          5
 Summon Mana Viper        Hex/Summ       42%        N/A       3%          5
 Summon Cactus Giant      Summ           25%        N/A       6%          6
 Leda's Liquefaction      Hex/Erth       10%        N/A       9%          4
 Summon Forest            Summ/Tloc      15%        N/A       9%          5
 Hailstorm                Conj/Ice       10%        3d5       26%         4
 Lee's Rapid Deconstruct  Erth           5%         3d7*      54%         5
 Statue Form              Tmut/Erth      16%        N/A       63%         6
 Enfeeble                 Hex            15%        N/A       93%         7
 Maxwell's Capacitive Co  Air            22%        ∞         99%         8
 Chain Lightning          Conj/Air       13%        3d18      100%        9
 Portal Projectile        Hex/Tloc       Unusable   N/A       N/A         3
 Corpse Rot               Necr/Pois/Air  Unusable   N/A       N/A         4

Dungeon Overview and Level Annotations

Branches:
Dungeon (11/15)            Temple (1/1) D:6            Lair (5/5) D:8
 Shoals (0/4) Lair:3       Spider (1/4) Lair:3        Slime (0/5) Lair:5
    Orc (2/2) D:11            Elf (0/3) Orc:2         Sewer (visited)
Ossuary (visited)

Altars:
Ashenzari
Cheibriados
Dithmenos
Elyvilon
Fedhas
Gozag
Hepliaklqana
Kikubaaqudgha
Makhleb
Nemelex Xobeh
Okawaru
Qazlal
Ru
Sif Muna
Trog
Uskayaw
Vehumet
Wu Jian
Xom
Yredelemnul
Zin
The Shining One
Jiyva

Shops:
D:1 :   D:5 *   D:6 (**(   D:10 [   D:11 [   Orc:2 [!([   Lair:3 *:*:

Annotations:
D:11 3 runed translucent doors, exclusion: obsidian statue, middlethird's ghost, journeyman VSIE
Lair:1 exclusion: oklob plant
Lair:5 exclusion: 5 oklob plants


Innate Abilities, Weirdness & Mutations

You have sharp claws.
You have razor-sharp teeth.
You have supernaturally acute eyesight. (SInv)
You cover ground quickly. (Speed+)
Your thick and shaggy fur keeps you warm. (AC +3, rC+)
Your paws help you pounce on unaware monsters.
You are incapable of wielding weapons or throwing items.
You cannot wear armour.
You gain extra lives every three experience levels.


Message History

Your lightning spire shoots out a bolt of lightning at the entropy weaver!
The bolt of electricity hits the entropy weaver!
The bolt of electricity hits the redback!
The culicivora is no longer distracted by gold.
The pharaoh ant is no longer distracted by gold.
The culicivora is engulfed in blazing flames.
The culicivora bites your lightning spire!
The pharaoh ant is distracted by your dazzling golden aura.
What are your orders? t - Meow!
Orders for allies: a - Attack new target. p - Attack previous target. r - Retreat! s - Stop attacking. g - Guard the area. f - Follow me.
Anything else - Cancel.
Gang up on whom?
Press: ? - help, Dir - move target, f - entropy weaver, p - entropy weaver
Aim: an entropy weaver Attack!
The culicivora is engulfed in blazing flames.
A culicivora comes into view.
The culicivora bites your lightning spire!
The entropy weaver is distracted by your dazzling golden aura.
The entropy weaver points at you and mumbles some strange words.
Your guardian golem overheats!
The culicivora is healed somewhat.
The culicivora is engulfed in blazing flames.
The culicivora completely misses your lightning spire.
Your lightning spire is engulfed in blazing flames.
The entropy weaver shouts!
The pharaoh ant gives a chilling moan.
Really read the scroll of vulnerability?
As you read the scroll of vulnerability, it crumbles to dust.
The entropy weaver is no longer distracted by gold.
The pharaoh ant is no longer distracted by gold.
Magic quickly surges around you.
You hear a faint skittering sound.
The culicivora is healed somewhat.
The entropy weaver hits you!
* * * LOW HITPOINT WARNING * * *
The entropy weaver closely misses you. The entropy weaver hits you!
You die...
Your body crumbles into a pile of gold.

#.................#...
..........#.........#.
......s...s......?.....
...../..s............##
#.......................
....[#...^.ss.....#^....
..........ss8B........#~
.^^.....#.s°.§.B........
...?#...$..$.○.#@.......
..s#..s..§.....B.......~
sy.......§.§...........#
w........#§#...#.?......$
B#...............#.....$
B.#.........!..........#
........#...........~≈##
.................#..~##
........ ^.....


You could see 2 entropy weavers, 4 culicivoras, a pharaoh ant (unable to see
you, weak-willed), a jumping spider (wandering, unable to see you), a tarantella
(unable to see you, weak-willed), a redback (unable to see you, weak-willed) and
a friendly lightning spire (summoned, sheltered).

Vanquished Creatures
  Donald (Orc:2)
  Urug (D:11)
  3 orc sorcerers
  A black mamba (Lair:5)
  5 dancing weapons
  A centaur skeleton (D:10)
  2 trolls (Orc:2)
  2 yaks (D:10)
  A warg (Orc:1)
  A water moccasin (Sewer)
  11 orc warriors (Orc:2)
  An ogre (Orc:1)
  A wolf (D:8)
  An elf zombie (Ossuary)
  A bullfrog (D:8)
  4 electric eels
  A spectral centaur (D:10)
  A centaur zombie (D:10)
  6 orc priests (Orc:2)
  6 orc wizards
  An adder (D:2)
  28 orcs
  2 bats (D:1)
  A hobgoblin (D:2)
  A quokka (D:3)
  A hobgoblin zombie (Ossuary)
  A jackal zombie (Ossuary)
  3 kobolds
  2 rats
91 creatures vanquished.

Vanquished Creatures (collateral kills)
  An orc warlord (Orc:2)
  A boulder beetle (D:11)
  4 hydras
  A catoblepas (Lair:5)
  4 death yaks (Lair:5)
  A deep troll shaman (Lair:5)
  2 two-headed ogres
  2 orc high priests (Orc:2)
  An orc knight (Orc:1)
  An orc sorcerer (Orc:2)
  A merfolk siren (Lair:3)
  19 elephants
  2 black mambas (Lair:5)
  A torpor snail (Lair:3)
  5 cane toads
  5 rime drakes
  8 komodo dragons
  4 kobold demonologists
  2 tengu conjurers (D:10)
  A polar bear (Lair:1)
  A meliai (Lair:3)
  2 trolls
  2 tarantellas
  3 blink frogs (Lair:5)
  A shadow (D:11)
  27 yaks
  2 wraiths
  2 steam dragons
  A wyvern (Lair:4)
  A redback (Spider:1)
  A warg (Orc:1)
  11 water moccasins
  A sky beast (D:7)
  17 orc warriors
  4 black bears
  4 centaurs
  4 ogres
  3 wolves (Lair:5)
  2 phantoms
  19 kobold brigands
  A gnoll sergeant (D:9)
  7 bullfrogs
  2 elf zombies
  6 scorpions
  An elf skeleton (D:5)
  A hornet simulacrum (D:8)
  10 wights
  18 killer bees
  8 howler monkeys
  A lava snake (D:8)
  2 centaur zombies (D:10)
  5 jellies
  Crazy Yiuf (D:7)
  A human zombie (D:5)
  10 orc priests
  2 gnoll boudas
  3 iguanas
  A human skeleton (D:5)
  9 orc wizards
  9 hell rats
  2 centaur simulacra (D:8)
  3 mummies (Ossuary)
  13 gnolls
  5 adders
  3 river rats (Lair:1)
  2 white imps (D:8)
  4 ufetubi
  A worm (D:2)
  A dart slug (D:1)
  33 orcs
  6 endoplasms
  3 giant cockroaches (D:3)
  8 goblins
  3 hobgoblins
  23 kobolds
  4 quokkas
  4 ball pythons
  4 frilled lizards
  A gnoll zombie (Ossuary)
  2 jackal zombies (Ossuary)
  2 kobold zombies (Ossuary)
  2 orc skeletons (D:5)
  An orc zombie (Ossuary)
  9 rats
  2 rat zombies (Ossuary)
  A spectral hobgoblin (D:2)
414 creatures vanquished.

Vanquished Creatures (others)
  A catoblepas (Lair:5)
  A hydra (Lair:2)
  4 death yaks
  An orb spider (Spider:1)
  6 elephants
  A black mamba (Lair:5)
  3 cane toads
  A komodo dragon (Lair:3)
  2 polar bears (Lair:1)
  A troll (D:10)
  A hornet (D:9)
  A blink frog (Lair:5)
  A culicivora (Spider:1)
  15 yaks
  Eustachio (D:5)
  A redback (Spider:1)
  4 dancing weapons
  A warg (Orc:2)
  2 water moccasins
  5 orc warriors
  2 wolves (Lair:5)
  An ogre (Orc:2)
  3 kobold brigands
  A scorpion (D:7)
  3 killer bees (D:8)
  A mummy (Ossuary)
  2 orcs (D:7)
  4 kobolds
  A rat (Lair:1)
  39 fungi
  117 plants
227 creatures vanquished.

Grand Total: 732 creatures vanquished

Notes
Turn   | Place    | Note
-------+----------+-------------------------------------------
     0 | D:1      | croobank the Felid Summoner began the quest for the Orb.
     0 | D:1      | Reached XP level 1. HP: 7/7 MP: 4/4
   222 | D:1      | Reached skill level 3 in Dodging
   222 | D:1      | Reached XP level 2. HP: 11/11 MP: 3/6
   225 | D:1      | Learned a level 2 spell: Call Imp
   505 | D:1      | Found Ribytt's Vocational Training.
  1346 | D:2      | Found a faded altar of an unknown god.
  1474 | D:2      | Reached XP level 3. HP: 8/14 MP: 3/7
  2133 | D:2      | Found a shimmering blue altar of Sif Muna.
  2284 | D:3      | Reached XP level 4. HP: 18/18 MP: 3/9
  2511 | D:3      | Reached skill level 4 in Dodging
  2544 | D:3      | Found a glowing drain.
  2561 | Sewer    | Entered a sewer
  2628 | Sewer    | Noticed a water moccasin
  2635 | Sewer    | Learned a level 3 spell: Call Canine Familiar
  2669 | Sewer    | Killed a water moccasin
  2670 | Sewer    | Reached XP level 5. HP: 17/21 MP: 1/10
  2973 | D:3      | Identified the +4 quarterstaff "Runyvuri" {speed, rElec
                  | Will+}
  2983 | D:3      | Killed from afar by an orc priest
  2984 | D:3      | Reached XP level 4. HP: -6/18 MP: 4/9
  2984 | D:3      | Reached skill level 5 in Summonings
  2984 | D:3      | Reached XP level 5. HP: 21/21 MP: 10/10
  3029 | D:3      | Identified the +1 pair of gloves of a Labyrinth {Dex+4}
  3401 | D:4      | Found a sacrificial altar of Ru.
  3462 | D:4      | Reached skill level 5 in Stealth
  3560 | D:4      | Found a shimmering altar of Xom.
  3736 | D:4      | Noticed a phantom
  3744 | D:4      | Learned a level 3 spell: Summon Guardian Golem
  3763 | D:4      | Killed a phantom
  3764 | D:4      | Reached skill level 5 in Dodging
  3764 | D:4      | Gained mutation: You are covered in thick fur. (AC +2)
                  | [Felid growth]
  3764 | D:4      | Reached XP level 6. HP: 24/24 MP: 5/12
  4345 | D:4      | Found an ornate altar of the Wu Jian Council.
  4624 | D:5      | Entered Level 5 of the Dungeon
  4675 | D:5      | Found a sand-covered staircase.
  4712 | D:5      | Reached XP level 7. HP: 17/27 MP: 10/14
  4786 | Ossuary  | Entered an ossuary
  4820 | Ossuary  | Reached skill level 6 in Dodging
  5346 | D:5      | Noticed Eustachio
  5396 | D:5      | Killed Eustachio
  5397 | D:5      | Reached XP level 8. HP: 26/31 MP: 1/16
  5572 | D:5      | Found a broken altar of Ashenzari.
  5841 | D:5      | Found Tybax's Overcharged Wands.
  6127 | D:6      | Found Vaempohi's General Store.
  6155 | D:6      | Reached skill level 7 in Dodging
  6155 | D:6      | Reached skill level 5 in Spellcasting
  6833 | D:6      | Found Pocwiu's Antique Weapon Shop.
  6887 | D:6      | Found a staircase to the Ecumenical Temple.
  6892 | Temple   | Entered the Ecumenical Temple
  6902 | Temple   | Became a worshipper of Gozag Ym Sagoz the Greedy
  6986 | D:6      | Found Ovuli's Weapon Shoppe.
  7007 | D:6      | Found Ufumos's Assorted Antiques.
  7010 | D:6      | Bought a scroll labelled MEIPRIPTEL for 24 gold pieces
  7010 | D:6      | Bought a scroll labelled NYACWO FIOZEOM for 24 gold pieces
  7010 | D:6      | Bought a scroll of identify for 48 gold pieces
  7010 | D:6      | Bought a scroll of identify for 48 gold pieces
  7218 | D:6      | Learned a level 4 spell: Summon Lightning Spire
  7235 | D:6      | Reached skill level 1 in Hexes
  7857 | D:7      | Reached skill level 1 in Air Magic
  7949 | D:7      | Found an iron altar of Okawaru.
  8184 | D:7      | Reached XP level 9. HP: 22/34 MP: 12/18
  8461 | D:7      | Found a white marble altar of Elyvilon.
  8610 | D:7      | Reached skill level 8 in Dodging
  9010 | D:7      | Found a runed translucent door.
  9011 | D:7      | Noticed Crazy Yiuf
  9020 | D:7      | Killed Crazy Yiuf
  9021 | D:7      | Reached skill level 5 in Hexes
  9103 | D:8      | Noticed a death yak
  9188 | D:8      | Found a sparkling altar of Nemelex Xobeh.
  9627 | D:8      | Found a snail-covered altar of Cheibriados.
  9627 | D:8      | Found a glowing silver altar of Zin.
 10212 | D:8      | Reached XP level 10. HP: 37/37 MP: 0/20
 10510 | D:9      | Reached skill level 9 in Dodging
 10531 | D:9      | Noticed a two-headed ogre
 10549 | D:9      | Killed a two-headed ogre
 10550 | D:9      | Reached skill level 10 in Stealth
 10550 | D:9      | Reached skill level 5 in Air Magic
 10970 | D:9      | Reached skill level 1 in Fighting
 12216 | D:8      | Found a burning altar of Makhleb.
 12216 | D:8      | Noticed a green death
 12283 | D:8      | Killed a death yak
 12419 | D:8      | Found a staircase to the Lair.
 12525 | D:8      | Found a hide-covered altar of Uskayaw.
 13389 | D:10     | Entered Level 10 of the Dungeon
 13509 | D:9      | Reached skill level 10 in Dodging
 13509 | D:9      | Reached XP level 11. HP: 20/46 MP: 13/22
 14222 | Lair:1   | Entered Level 1 of the Lair of Beasts
 14630 | Lair:1   | Learned a level 2 spell: Poisonous Vapours
 15480 | Lair:1   | Noticed an oklob plant
 15553 | Lair:1   | Reached skill level 5 in Fighting
 15915 | Lair:2   | Learned a level 3 spell: Tukima's Dance
 16219 | Lair:2   | Noticed a seven-headed hydra
 16236 | Lair:2   | Killed a seven-headed hydra
 16826 | Lair:2   | Noticed an eight-headed hydra
 16858 | Lair:2   | Killed an eight-headed hydra
 17178 | Lair:3   | Reached skill level 11 in Dodging
 17488 | Lair:3   | Noticed a five-headed hydra
 17503 | Lair:3   | Killed a five-headed hydra
 18230 | Lair:3   | Gained mutation: Your thick and shaggy fur keeps you warm.
                  | (AC +3, rC+) [Felid growth]
 18230 | Lair:3   | Reached XP level 12. HP: 54/54 MP: 20/25
 18633 | Lair:3   | Found a hole to the Spider Nest.
 19034 | Lair:3   | Found a staircase to the Shoals.
 19680 | Lair:4   | Identified the +3 great mace "Ymorchoi" {spect, *Corrode
                  | Int+8}
 19699 | Lair:4   | Reached skill level 10 in Summonings
 19728 | Lair:4   | Reached skill level 12 in Dodging
 20725 | Lair:5   | Entered Level 5 of the Lair of Beasts
 20770 | Lair:5   | Noticed a five-headed hydra
 20781 | Lair:5   | Found a viscous altar of Jiyva.
 20781 | Lair:5   | Found a staircase to the Slime Pits.
 21335 | Lair:5   | Reached skill level 10 in Fighting
 21918 | Lair:5   | Reached skill level 13 in Dodging
 21963 | Lair:5   | Reached XP level 13. HP: 33/62 MP: 12/27
 23459 | Lair:5   | Reached skill level 10 in Spellcasting
 23643 | Lair:5   | Got Zadaaf's Secrets of Blasts
 23764 | Lair:5   | Reached skill level 14 in Dodging
 25633 | D:10     | Found Koczetaj's Armour Emporium.
 26208 | D:10     | Reached skill level 1 in Unarmed Combat
 26259 | D:10     | Found an ancient bone altar of Kikubaaqudgha.
 26403 | D:10     | Learned a level 3 spell: Mephitic Cloud
 26407 | D:10     | Found the +0 staff of Battle
 26843 | D:11     | Noticed Urug
 26859 | D:11     | Reached skill level 15 in Dodging
 26859 | D:11     | Reached XP level 14. HP: 70/70 MP: 26/29
 26884 | D:11     | Killed Urug
 26928 | D:10     | Learned a level 7 spell: Storm Form
 27109 | D:11     | Reached skill level 1 in Transmutations
 27352 | D:11     | Found a runed translucent gate.
 27352 | D:11     | Found a runed translucent gate.
 27352 | D:11     | Found an opulent altar of Gozag.
 27352 | D:11     | Found a runed translucent gate.
 27369 | D:11     | Noticed middlethird's ghost (journeyman VSIE)
 28365 | D:11     | Found a staircase to the Orcish Mines.
 28367 | D:11     | Found Palloh's Armour Shop.
 28541 | Orc:1    | Entered Level 1 of the Orcish Mines
 29049 | Orc:2    | Entered Level 2 of the Orcish Mines
 29236 | Orc:2    | Noticed Donald
 29559 | D:6      | Bought a book of Misfortune for 504 gold pieces
 29565 | D:6      | Learned a level 5 spell: Yara's Violent Unravelling
 30295 | Orc:1    | Shot with a bolt by an orc knight
 30296 | Orc:1    | Reached XP level 13. HP: -8/64 MP: 26/28
 30652 | Orc:2    | Killed Donald
 30677 | Orc:1    | Reached skill level 5 in Transmutations
 33795 | Orc:2    | Found a staircase to the Elven Halls.
 33862 | Orc:2    | Noticed an orc warlord
 35098 | Orc:2    | Killed an orc warlord
 35369 | Orc:2    | Found Biutiec's Antique Armour Shop.
 35372 | Orc:2    | Found Hasmejo's Antique Weapon Boutique.
 35660 | Orc:2    | Found a shimmering blue altar of Sif Muna.
 36035 | Orc:2    | Found Fomialer's Distillery.
 36044 | Orc:2    | Bought a potion of curing for 36 gold pieces
 36044 | Orc:2    | Bought a potion of invisibility for 96 gold pieces
 36044 | Orc:2    | Bought a potion of resistance for 120 gold pieces
 36226 | Orc:2    | Found Qitiwugony's Antique Armour Shoppe.
 36673 | Lair:3   | Bought a book of the Wilderness for 646 gold pieces
 36676 | Spider:1 | Entered Level 1 of the Spider Nest
 36677 | Spider:1 | Noticed an entropy weaver
 36678 | Spider:1 | Noticed an entropy weaver
 36762 | Spider:1 | Noticed a ghost moth
 36764 | Spider:1 | Demolished by a pharaoh ant
 36765 | Spider:1 | Reached XP level 12. HP: -15/58 MP: 3/27
 36804 | Spider:1 | Slain by an entropy weaver

Illustrated notes

Levels and vault maps discovered:
D:1:      eino_arrival_druids_welcome, layout_loops_ring,
          nicolae_shop_vocational
D:2:      layout_rooms, basic_altar, dreamdust_ecumenical_altar_drowned_temple
D:3:      layout_basic, portal_sewer_entry_f
D:4:      layout_basic, xom_teletrap_fun, nicolae_ru_awakened_eye,
          nicolae_wu_jian_wuxing_cycle, skrybe_limestone_x,
          lexackson_kobold_supper
D:5:      layout_loops_ring, ashenzari_conservatory_becter,
          nicolae_ossuary_entry_catacombs, nicolae_shop_overcharged_wands,
          uniq_eustachio
D:6:      layout_layer_cave, temple_statues, serial_shops,
          nicolae_shop_overgrown_old_shop, kennysheep_mini,
          nicolae_shop_advertising_works [nicolae_subvault_shop_adworks], shop
D:7:      layout_rooms, lemuel_doored_altar, okawaru_ov_weapons_minmay,
          uniq_crazy_yiuf_cottage
D:8:      layout_basic, makhleb_altar_promises_db,
          nemelex_xobeh_ov_fountains_minmay, nicolae_uskayaw_suspiria,
          gammafunk_temple_overflow_statue, dpeg_oklobed_lair, enter_bailey_5,
          serial_ice, serial_ice_j, serial_ice_f, serial_ice_d, serial_ice_c,
          serial_ice_m, serial_ice_g, serial_ice_e, serial_park_tiny_1,
          hangedman_abyss_or_decor_lesser_grid, chequers_serial_rivers_small_b,
          amcnicky_mini_pool_small
D:9:      layout_basic
D:10:     layout_roguey, lemuel_coloured_pillars_altar, serial_corexii_hall,
          corexii_hall_statues_u, corexii_hall_statues_l,
          corexii_hall_statues_l, serial_shops, shop, hangedman_weighted_door,
          nicolae_lava_and_water, grunt_ministairs_10, minmay_misc_feat_alley,
          hellmonk_guarded_unrand_staff_of_battle
D:11:     layout_basic, orc_david_3, special_room [special_room_kobold],
          ebering_ghost_gozag, uniq_urug
Temple:   hellmonk_temple_micro_hex
Lair:1:   layout_cave_pods, nicolae_lair_grove_arrangements,
          kennysheep_abandoned_house
Lair:2:   layout_regular_city
Lair:3:   layout_roguey, minmay_shoals_entry_lonely_mermaid,
          hellmonk_spider_entry_not_the_bees, serial_rivers,
          chequers_serial_rivers_small_b, chequers_serial_rivers_room_b,
          chequers_serial_rivers_room_a, chequers_serial_rivers_large_b,
          st_stairs_5, serial_bayou_lagoon_a
Lair:4:   layout_misc_corridors, grunt_megastairs_3, infiniplex_staircase_pool
Lair:5:   grunt_lair_end_beastmaster, layout_cave_pods,
          minmay_slime_entry_oklob_open, lemuel_fruit_tree, grunt_megastairs_4
Spider:1: layout_spider_delve
Orc:1:    layout_caves
Orc:2:    grunt_orc_community_town_hall, layout_caves,
          grunt_orc_community_big_house_1, grunt_orc_community_big_house_1,
          grunt_orc_community_house_1, grunt_orc_community_house_3,
          grunt_orc_community_house_1, grunt_orc_community_house_3,
          grunt_orc_community_house_1, kennysheep_orc_sif_temple, uniq_donald

Skill      XL: |  1  2  3  4  5  6  7  8  9 10 11 12 13 14 |
---------------+-------------------------------------------+-----
Stealth        | 3 4 5 6 7 8 9 10 | 10.0
Dodging        | 3 4 5 6 7 8 10 11 13 15 | 15.0
Spellcasting   | 3 4 5 6 7 8 9 10 | 10.0
Summonings     | 5 6 7 8 9 10 | 10.0
Hexes          | 3 5 |  5.0
Air Magic      | 1 4 6 7 8 |  8.3
Fighting       | 4 7 10 13 | 13.3
Unarmed Combat | 1 2 |  2.2
Transmutations | 7 4 |  7.3

Action                   |  1- 3 |  4- 6 |  7- 9 | 10-12 | 13-15 || total
-------------------------+-------+-------+-------+-------+-------++-------
Melee: Unarmed           |    30 |    51 |    39 |    23 |   167 ||   310
       Bite              |     2 |     9 |     7 |     6 |    28 ||    52
       Punch             |       |     1 |       |     1 |     6 ||     8
 Cast: Summon Small Mamm |    44 |    38 |    86 |    35 |    19 ||   222
       Call Imp          |     8 |    11 |    13 |     1 |     5 ||    38
       Call Canine Famil |       |    17 |    43 |    54 |    38 ||   152
       Summon Guardian G |       |     1 |    34 |    62 |    65 ||   162
       Summon Lightning  |       |       |    17 |   131 |   102 ||   250
       Mephitic Cloud    |       |       |       |       |    94 ||    94
       Yara's Violent Un |       |       |       |       |    73 ||    73
       Tukima's Dance    |       |       |       |       |    39 ||    39
Invok: Potion Petition   |       |       |       |     1 |       ||     1
       Call Merchant     |       |       |       |       |     4 ||     4
Evoke: Wand              |       |       |     1 |    10 |    12 ||    23
  Use: Scroll            |       |    11 |    13 |    10 |     6 ||    40
       Potion            |       |       |     2 |     4 |     6 ||    12
 Stab: Sleeping          |     1 |       |       |       |       ||     1
       Distracted        |       |     3 |     1 |     2 |     7 ||    13
       Invisible         |       |       |       |     2 |       ||     2
       Confused          |       |       |       |       |     9 ||     9
Armor: Skin              |     3 |     5 |     6 |     8 |    21 ||    43
Dodge: Dodged            |    46 |    46 |    77 |   147 |   397 ||   713
